 Dungeon Crawl Stone Soup version 0.21.1-1-g345015f (webtiles) character file.

40 gerrrit the Charmwright (level 3, -5/28 HPs)
             Began as a Barachi Skald on Apr 2, 2018.
             Slain by a gnoll
             ... wielding a +0 halberd
              (11 damage)
             ... on level 2 of the Dungeon.
             The game lasted 00:05:27 (1100 turns).

gerrrit the Charmwright (Barachi Skald)             Turns: 1100, Time: 00:05:28

Health: -5/28      AC:  4    Str: 10 (12) XL:     3   Next: 50%
Magic:  0/6        EV: 12    Int: 14      God:
Gold:   12         SH:  4    Dex: 11      Spells: 6/7 levels left

rFire    . . .     SeeInvis .   a - +0 spear
rCold    . . .     Gourm    .   (no shield)
rNeg     . . .     Faith    .   b - +0 leather armour
rPois    +         Spirit   .   (no helmet)
rElec    .         Reflect  .   (no cloak)
rCorr    .         Harm     .   g - +0 pair of gloves
MR       +....                  (no boots)
Stlth    +.........             (no amulet)
HPRegen  0.09/turn              (no ring)
MPRegen  0.10/turn              (no ring)

@: infused, slow
A: +LOS, swims, large bone plates 1, deterioration 1, magic resistance 1, poison
resistance, slowness 1, strong legs 1
a: Hop


You were on level 2 of the Dungeon.
You were not hungry.

You visited 1 branch of the dungeon, and saw 2 of its levels.

You collected 12 gold pieces.

Inventory:

Hand Weapons
 a - a +0 spear (weapon)
Missiles
 l - a throwing net (quivered)
Armour
 b - a +0 leather armour (worn)
 g - a +0 pair of gloves (worn)
 j - a +0 chain mail
Jewellery
 e - an uncursed amulet of faith {unknown}
Potions
 f - a potion of brilliance {unknown}
 h - a potion of curing {unknown}
 i - a potion of degeneration {unknown}
 k - a potion of flight {unknown}
Books
 c - a book of Battle

   Spells                             Type                      Level
   a - Infusion                       Charms                       1
   b - Shroud of Golubria             Charms/Translocation         2
   c - Song of Slaying                Charms                       2
   d - Spectral Weapon                Hexes/Charms                 3
   e - Regeneration                   Charms/Necromancy            3
Comestibles
 d - a ration


   Skills:
 + Level 2.8 Fighting
 + Level 2.4 Polearms
 + Level 1.5 Armour
 + Level 2.4 Dodging
 + Level 2.6 Spellcasting
 + Level 3.7 Charms


You had 6 spell levels left.
You knew the following spells:

 Your Spells              Type           Power        Failure   Level  Hunger
a - Infusion              Chrm           ##..         6%          1    #......


Dungeon Overview and Level Annotations

Branches:
Dungeon (2/15)

Altars:


Innate Abilities, Weirdness & Mutations

Shadows flee at your approach. (+LOS)
You can swim through water.
You cover ground slowly.
You can hop short distances.
You are partially covered in large bone plates. (SH +4)
Your body sometimes deteriorates upon taking damage.
You are resistant to hostile enchantments. (MR+)
Your system is resistant to poisons. (rPois)


Message History

The worm is moderately wounded.
You hear a shout! x3
The goblin hits you but does no damage. The worm closely misses you.
A kobold comes into view. It is wielding a short sword.
You hit the worm.
The worm is moderately wounded.
The gnoll completely misses you. The goblin hits you with a club.
Your body deteriorates!
You feel weakened. The worm bites you!
* * * LOW HITPOINT WARNING * * *
Your body deteriorates!
You feel weakened. The goblin misses you.
Casting: Infusion
Confirm with . or Enter, or press ? or * to list all spells.
You begin infusing your attacks with magical energy.
The gnoll hits you from afar with a halberd.
* * * LOW HITPOINT WARNING * * *
You barely miss the goblin. The goblin misses you.
The gnoll hits you from afar with a halberd!
You die...

# ## #. ###. .. #?.
.# #.# ..##.#
############w#.[....#
#.<.......@gg...#
############r#.K.....
#.# ...... #.. ..(..
.... #### ...>.
...[.. .......#
.......#


You could see a worm, a gnoll, a goblin, a kobold and a rat.

Vanquished Creatures
  Natasha (D:2)
  A dart slug (D:1)
  A giant cockroach (D:1)
  3 goblins (D:1)
  2 hobgoblins (D:1)
  A frilled lizard (D:1)
  3 kobolds (D:1)
  2 rats (D:1)
14 creatures vanquished.

Notes
Turn   | Place    | Note
-------+----------+-------------------------------------------
     0 | D:1      | gerrrit the Barachi Skald began the quest for the Orb.
     0 | D:1      | Reached XP level 1. HP: 17/17 MP: 3/3
   421 | D:1      | Gained mutation: You are resistant to hostile enchantments. (MR+) [potion of mutation]
   421 | D:1      | Gained mutation: Your system is resistant to poisons. (rPois) [potion of mutation]
   421 | D:1      | Gained mutation: Your body sometimes deteriorates upon taking damage. [potion of mutation]
   421 | D:1      | Gained mutation: You are partially covered in large bone plates. (SH +4) [potion of mutation]
   463 | D:1      | Reached XP level 2. HP: 23/23 MP: 5/5
  1082 | D:2      | Noticed Natasha
  1088 | D:2      | Killed Natasha
  1088 | D:2      | Reached XP level 3. HP: 19/28 MP: 1/6
  1100 | D:2      | Slain by a gnoll

Action                   || total
-------------------------++-------
Melee: Spear             ||    61
 Cast: Infusion          ||     2
  Use: Scroll            ||     3
       Potion            ||     1
  Eat: Ration            ||     1
Armor: Leather armour    ||    13
       Chain mail        ||     7
Dodge: Dodged            ||    29
Block: Other             ||     2
